 Dungeon Crawl Stone Soup version 0.30-a0-365-ge7f957f1db (webtiles) character file.

Game seed: 10705642877843702941

361037 Manisia the Executioner (level 21, -1/210 HPs)
             Began as a Minotaur Berserker on Nov 17, 2022.
             Was a High Priest of Trog.
             Slain by an azure jelly (4 damage)
             ... created by the Royal Jelly
             ... on level 5 of the Pits of Slime.
             The game lasted 01:27:09 (51548 turns).

Manisia the Executioner (Minotaur Berserker)       Turns: 51548, Time: 01:27:10

Health: -1/210     AC:  6    Str: 34    XL:     21   Next: 49%
Magic:  5/20       EV:  4    Int:  2    God:    Trog [*****.]
Gold:   5380       SH: 40    Dex: 18    Spells: 20/20 levels left

rFire   x . .      SeeInvis +    P - +6 broad axe (flame)
rCold   . . .      Faith    .    D - +18 shield of the Gong {rElec rN+ Will+ EV-5}
rNeg    + . .      Spirit   .    J - +3 crystal plate armour
rPois   +          Reflect  +    Y - +2 hat
rElec   +          Harm     .    I - +2 cloak
rCorr   .          Rampage  .    B - +1 pair of gloves
Will    ++...      Rage     3%   b - +0 pair of boots {Fly}
Stlth   .......... Rnd*Tele +    g - amulet of reflection
HPRegen 0.55/turn                G - ring "Jidiaf" {rPois Str+3 Dex+6 SInv}
MPRegen 0.17/turn                c - ring of flight

@: corroded, on berserk cooldown, flying, slowed, studying 2 skills, very slow
A: horns 2, retaliatory headbutt, berserk 1, deformed body, dopey 1,
teleportitis 1, heat vulnerability 1, inability to read after injury 1
}: 2/15 runes: barnacled, gossamer
a: Renounce Religion, Berserk, Trog's Hand, Brothers in Arms


You were on level 5 of the Pits of Slime.
You worshipped Trog.
Trog was extremely pleased with you.
You visited 7 branches of the dungeon, and saw 39 of its levels.
You also visited: Ossuary, Bailey and Gauntlet.

You collected 5380 gold pieces.

Inventory:

Hand Weapons
 o - a +4 war axe of draining
 F - the +7 hand axe "Ogauh" {antimagic, rElec rPois}
   (You found it on level 2 of the Shoals)

   It reduces the magical energy of the wielder, and disrupts the spells and
   magical abilities of those it strikes.
   Natural abilities and divine invocations are not affected.
   rElec:     It insulates you from electricity.
   rPois:     It protects you from poison.
 P - a +6 broad axe of flaming (weapon)
 R - a +0 war axe of venom
Missiles
 i - 6 curare-tipped darts
 C - 25 boomerangs of dispersal
 E - 32 poisoned darts
Armour
 b - a +0 pair of boots of flying (worn)
 B - a +1 pair of gloves (worn)
 D - the +18 shield of the Gong (worn) {rElec rN+ Will+ EV-5}
   (You found it in a Gauntlet)

   It is deafeningly noisy when blocking attacks.
   EV:        It affects your evasion (-5).
   rElec:     It insulates you from electricity.
   rN:        It protects you from negative energy.
   Will:      It increases your willpower.
 I - a +2 cloak (worn)
 J - a +3 crystal plate armour (worn)
 Y - a +2 hat (worn)
Jewellery
 a - a ring of willpower
 c - a ring of flight (right hand)
 g - an amulet of reflection (around neck)
 G - the ring "Jidiaf" (left hand) {rPois Str+3 Dex+6 SInv}
   (You found it in a Gauntlet)

   [ring of dexterity]

   Str:       It affects your strength (+3).
   Dex:       It affects your dexterity (+6).
   rPois:     It protects you from poison.
   SInv:      It lets you see invisible.
 X - the brooch of Shielding {Spirit SH+8}
   (You found it in a Gauntlet)

   [amulet of guardian spirit]

   It causes incoming damage to be divided between your reserves of health and
   magic.
   SH:        It affects your SH (+8).
Wands
 q - a wand of charming (35)
 z - a wand of digging (3)
 A - a wand of mindburst (29) (quivered)
 L - a wand of roots (20)
 W - a wand of acid (9)
Scrolls
 y - 10 scrolls of teleportation
 K - 3 scrolls of fear
 T - 5 scrolls of magic mapping
 U - a scroll of enchant armour
 V - a scroll of summoning
Potions
 d - 7 potions of lignification
 e - 9 potions of curing
 f - 8 potions of ambrosia
 j - 5 potions of resistance
 n - 2 potions of cancellation
 r - 3 potions of haste
 s - 2 potions of invisibility
 w - 4 potions of magic
 S - 4 potions of might


   Skills:
 + Level 22.9 Fighting
 + Level 26.2(26.4) Axes
 - Level 6.2(18.4) Polearms
 + Level 15.9 Armour
 + Level 3.7 Dodging
 - Level 1.6 Stealth
 + Level 21.7 Shields
 + Level 10.0 Evocations


You had 20 spell levels left.
You didn't know any spells.
Your spell library was empty.

Dungeon Overview and Level Annotations

Branches:
Dungeon (15/15)            Temple (0/1) D:5            Lair (5/5) D:8
 Shoals (4/4) Lair:2       Spider (4/4) Lair:3        Slime (5/5) Lair:4
    Orc (2/2) D:12            Elf (0/3) Orc:2        Vaults (0/5) D:14
 Depths (4/4) D:15            Zot (0/5) Depths:4    Ossuary (visited)
 Bailey (visited)         Gauntlet (visited)

Altars:
Cheibriados
Dithmenos
Elyvilon
Fedhas
Gozag
Hepliaklqana
Kikubaaqudgha
Makhleb
Okawaru
Ru
Sif Muna
Trog
Uskayaw
Vehumet
Xom
Yredelemnul
The Shining One
Jiyva

Shops:
D:6 (   Orc:1 *   Orc:2 *:[(   Shoals:4 (   Depths:2 !

Portals:
Hell: Depths:1 Depths:2 Depths:3 Depths:4
Abyss: Depths:1 Depths:2 Depths:3
Pandemonium: Depths:1 Depths:2
Ziggurat: Depths:3
Trove: D:10 (give +3 storm dragon scales)

Annotations:
Slime:5 Royal Jelly
Depths:2 exclusion: downstairs


Innate Abilities, Weirdness & Mutations

You have a pair of horns on your head.
You reflexively headbutt those who attack you in melee.
You sometimes lose your temper in combat.
Armour fits poorly on your strangely shaped body.
You are dopey. (Int -2)
You are occasionally teleported next to monsters.
You are vulnerable to heat. (rF-)
You occasionally lose the ability to read scrolls when taking damage.


Message History

Press: ? - help, Q - select action, (/) - cycle Dir - look around, f - activate
Okay, then.
Read: 4 scrolls of fear
Press: ? - help, Q - select action, (/) - cycle Dir - look around, f - activate
As you read the scroll of fear, it crumbles to dust.
You assume a fearsome visage.
The acid blob resists with almost no effort.
The slime creature looks frightened!
The acid blob resists with almost no effort. x2
The azure jelly resists with some effort.
The acid blob easily resists.
The Royal Jelly resists with almost no effort.
The slime creature easily resists.
The azure jelly looks frightened!
The acid blob resists with almost no effort.
The rockslime looks frightened!
The azure jelly resists with some effort.
The acid blob resists with almost no effort.
The rockslime looks frightened!
You block the acid blob's attack.
SHROANNG!
You block the azure jelly's attack.
SHROANNG!
You block the azure jelly's attack.
PTOANNNG!
You block the azure jelly's attack.
BONNNG!
The azure jelly hits you!
* * * LOW HITPOINT WARNING * * *
The acid blob spits acid at you.
The splash of acid reflects off an invisible shield around you!
PTOANNNG!
The splash of acid hits the acid blob.
The acid blob completely resists.
The acid blob spits acid at you. The splash of acid hits you!!
* * * LOW HITPOINT WARNING * * *
The acid blob spits acid at you. The splash of acid hits you!
* * * LOW HITPOINT WARNING * * *
The azure jelly hits you.
You die...

##..................##
#....................
##..................##
.....................
#....J...............
J....J..............#
.J...J.J...........#
.....JJJJ..........#
.....JJ@.J.........#
......J.............#
#................####
...............^##
................#
................#
..............###
.............##
..........#


You could see the Royal Jelly, 6 acid blobs, 3 azure jellies, 2 slime creatures
and 2 rockslimes.

Vanquished Creatures
  A juggernaut (Depths:2)
  Saint Roka (Orc:2)
  3 golden dragons
  A tentacled monstrosity (Depths:4)
  Rupert (D:14)
  A lich (Depths:1)
  A walking earthen tome (Depths:3)
  A quicksilver dragon (Depths:3)
  A walking divine tome (Depths:2)
  Frances (D:14)
  2 ancient champions (Depths:2)
  9 acid blobs
  Polyphemus (Shoals:1)
  A tengu reaver (Depths:3)
  2 sphinxes (Depths:2)
  A storm dragon (Depths:2)
  A shadow dragon (Depths:4)
  A rockslime (Slime:2)
  Donald (Shoals:1)
  5 azure jellies
  6 fire giants
  8 emperor scorpions
  Ilsuiw (Shoals:2)
  The ghost of Atuuduag the Warrior, a journeyman OgGl of the Shining One (D:14)
  4 frost giants
  A draconian knight (Depths:4)
  A balrug (Depths:1)
  Aizul (Spider:3)
  7 ghost moths
  An iron dragon (Depths:3)
  A draconian stormcaller (Depths:4)
  2 spriggan defenders (Depths:2)
  A draconian shifter (Depths:4)
  14 stone giants
  9 very ugly things
  9 quicksilver oozes
  Louise (D:15)
  6 broodmothers
  6 vampire knights
  A white draconian (Depths:4)
  A purple draconian (Depths:4)
  A minotaur (Gauntlet)
  3 red draconians (Depths:4)
  A black draconian (Depths:4)
  9 spark wasps
  A blizzard demon (Depths:1)
  A green death (Depths:1)
  4 merfolk javelineers
  2 ettins
  Snorg (Lair:3)
  8 jiangshi
  7 fire dragons
  8 entropy weavers
  A rakshasa (Depths:2)
  7 great orbs of eyes
  10 merfolk impalers
  2 ice dragons
  4 spriggan air magi
  4 hydras
  Erolcha (Orc:1)
  2 merfolk avatars
  2 merfolk aquamancers (Shoals:4)
  An alligator snapping turtle (Shoals:3)
  2 hell beasts
  A catoblepas (Shoals:1)
  4 boulder beetles
  2 centaur warriors
  4 radroaches
  2 satyrs (Shoals:2)
  2 deep troll earth magi
  A death knight (D:15)
  7 tengu warriors
  6 two-headed ogres
  A death scarab (Spider:4)
  8 death yaks
  3 deep troll shamans
  4 vampire magi
  An orc high priest (D:14)
  8 spriggan berserkers
  A hell knight (Depths:2)
  Nergalle (Orc:1)
  A soul eater (Depths:1)
  A salamander mystic (Depths:3)
  8 sun demons (Depths:1)
  A fire crab (Gauntlet)
  3 iron trolls
  Lodul (D:12)
  7 pharaoh ants
  A skeletal warrior (D:15)
  5 steelbarb worms
  2 sun moths
  7 sea snakes
  A death drake (Gauntlet)
  2 wizards
  4 glowing orange brains
  6 deep trolls
  A kraken simulacrum (Shoals:4)
  A necromancer (Depths:2)
  9 harpies
  8 orb spiders
  6 orc knights
  A lindwurm (Lair:5)
  A phantasmal warrior (D:15)
  2 cyclopes
  3 orc sorcerers
  13 wolf spiders
  14 manticores
  2 salamanders (Depths:4)
  20 ugly things
  A salamander (shapeshifter) (D:15)
  4 moths of wrath
  5 shining eyes
  A spectral centaur (Gauntlet)
  26 fauns
  9 merfolk sirens
  An elephant (shapeshifter) (Depths:4)
  29 elephants
  3 large abominations (Depths:3)
  A guardian serpent (shapeshifter) (Depths:4)
  3 eyes of devastation (Depths:1)
  5 torpor snails
  8 black mambas
  3 gargoyles
  3 molten gargoyles (Lair:5)
  4 smoke demons (Depths:1)
  A hellion (Depths:1)
  A water nymph (shapeshifter) (Depths:3)
  5 water nymphs
  3 rime drakes
  Maggie (D:7)
  17 cane toads
  10 demonic crawlers
  2 unseen horrors
  A kobold demonologist (D:11)
  A freezing wraith (D:15)
  11 komodo dragons
  A yaktaur (D:15)
  A tengu conjurer (Depths:2)
  A hellwing (Depths:1)
  6 trolls
  A red devil (Depths:1)
  5 ice devils (Depths:1)
  5 meliai
  60 slime creatures
  12 wind drakes
  30 merfolk
  5 hornets
  A polar bear (D:9)
  The ghost of Morninglord the Caller, an amateur MeSu (D:6)
  25 tarantellas
  7 dream sheep
  23 blink frogs
  17 snapping turtles
  26 jumping spiders
  A spectral meliai (Gauntlet)
  15 culicivoras
  8 spriggans
  4 water elementals
  A shadow (D:10)
  43 yaks
  8 basilisks
  4 unseen horror simulacra (D:9)
  3 wraiths
  7 wyverns
  11 humans (D:14)
  3 fire bats (Gauntlet)
  A vampire (D:13)
  2 golden eyes (Slime:2)
  Grum (D:10)
  7 chaos spawn (Depths:3)
  A fire elemental (Depths:1)
  13 vampire mosquitoes
  6 steam dragons
  59 redbacks
  4 wargs
  2 floating eyes
  6 hell hounds
  5 ice beasts
  12 water moccasins
  20 orc warriors
  2 black bears
  2 sky beasts
  4 small abominations (Depths:3)
  18 ogres
  10 wolves
  6 centaurs
  2 phantoms
  4 kobold brigands
  10 bullfrogs
  A gnoll sergeant (D:6)
  3 necrophages
  2 scorpions (D:5)
  6 wights
  10 killer bees
  7 electric eels
  6 howler monkeys
  5 lava snakes (Lair:5)
  5 crimson imps
  7 hounds
  2 gnoll boudas
  13 orc priests
  4 jellies
  Jessica (D:2)
  7 hell rats (Lair:4)
  7 iguanas
  17 orc wizards
  3 mummies (Ossuary)
  16 gnolls
  5 adders
  A shadow imp (D:6)
  4 white imps
  A howler monkey simulacrum (D:9)
  4 ufetubi
  An adder zombie (Ossuary)
  A worm (D:3)
  44 orcs
  3 bats
  4 endoplasms (D:2)
  4 giant cockroaches
  11 goblins
  3 hobgoblins
  5 jackals
  3 quokkas
  5 ball pythons
  9 frilled lizards
  3 goblin zombies (Ossuary)
  5 hobgoblin zombies (Ossuary)
  22 kobolds
  A kobold zombie (Ossuary)
  2 quokka zombies (Ossuary)
  5 rats
  6 rat zombies (Ossuary)
1352 creatures vanquished.

Vanquished Creatures (collateral kills)
  A lich (Depths:3)
  A fire giant (Depths:3)
  A merfolk impaler (Shoals:2)
  2 hydras
  A merfolk avatar (Shoals:3)
  2 death yaks (Shoals:2)
  An orc high priest (Orc:2)
  Urug (D:14)
  A sea snake (Shoals:1)
  4 harpies (Shoals:1)
  A deep elf archer (D:14)
  3 orc knights
  A cyclops (Shoals:1)
  An ugly thing (D:15)
  2 orc sorcerers (Orc:2)
  2 manticores (Shoals:1)
  A cane toad (Lair:3)
  A freezing wraith (D:15)
  3 merfolk (Shoals:1)
  A blink frog (Lair:3)
  A water elemental (D:15)
  5 humans (D:14)
  4 yaks (Lair:3)
  6 orc warriors
  An orc priest (Orc:2)
  3 orc wizards (Orc:2)
  2 orcs
53 creatures vanquished.

Vanquished Creatures (others)
  A rockslime (Slime:3)
  A quicksilver ooze (Slime:3)
  A green death (Slime:3)
  A deep troll earth mage (Depths:4)
  A harpy (Shoals:4)
  7 slime creatures (Slime:3)
  A jumping spider (Spider:4)
  A water elemental (D:15)
  An orc wizard (Orc:2)
  3 demonic plants (Gauntlet)
  17 fungi
  180 plants
  4 tentacles (Shoals:4)
219 creatures vanquished.

Grand Total: 1624 creatures vanquished

Notes
Turn   | Place    | Note
-------+----------+-------------------------------------------
     0 | D:1      | Manisia the Minotaur Berserker began the quest for the Orb.
     0 | D:1      | Reached XP level 1. HP: 19/19 MP: 0/0
   286 | D:1      | Reached XP level 2. HP: 27/27 MP: 1/1
   969 | D:1      | Reached skill level 4 in Axes
  1082 | D:2      | Noticed Jessica
  1087 | D:2      | Killed Jessica
  1088 | D:2      | Reached XP level 3. HP: 26/34 MP: 2/2
  1562 | D:2      | Reached ** piety under Trog
  1633 | D:2      | Reached XP level 4. HP: 41/41 MP: 3/3
  1678 | D:3      | Noticed a black bear
  1688 | D:3      | Killed a black bear
  1689 | D:3      | Reached skill level 5 in Axes
  1689 | D:3      | Reached XP level 5. HP: 47/47 MP: 4/4
  1724 | D:3      | Found a hide-covered altar of Uskayaw.
  1793 | D:3      | Found a faded altar of an unknown god.
  1847 | D:3      | Found a shimmering altar of Xom.
  1860 | D:3      | Reached skill level 5 in Fighting
  1860 | D:3      | Reached skill level 6 in Axes
  1862 | D:3      | Reached XP level 6. HP: 56/56 MP: 5/5
  2034 | D:3      | Found a bloodstained altar of Trog.
  2481 | D:4      | Found a shadowy altar of Dithmenos.
  2988 | D:4      | Reached skill level 1 in Shields
  3081 | D:4      | Found a sand-covered staircase.
  3089 | Ossuary  | Entered an ossuary
  3154 | Ossuary  | Reached *** piety under Trog
  3868 | D:4      | Reached skill level 7 in Axes
  3868 | D:4      | Reached XP level 7. HP: 61/61 MP: 6/6
  4190 | D:5      | Entered Level 5 of the Dungeon
  4351 | D:5      | Reached skill level 5 in Armour
  4358 | D:5      | Reached skill level 8 in Axes
  4557 | D:5      | Found a staircase to the Ecumenical Temple.
  4715 | D:5      | Reached skill level 9 in Axes
  4905 | D:5      | Reached XP level 8. HP: 68/68 MP: 7/7
  5461 | D:6      | Found a white marble altar of Elyvilon.
  5485 | D:6      | Found a runed translucent gate.
  5486 | D:6      | Found a runed translucent gate.
  5487 | D:6      | Found a runed translucent gate.
  5488 | D:6      | Found an opulent altar of Gozag.
  5526 | D:6      | Reached skill level 10 in Axes
  5685 | D:6      | Reached skill level 11 in Axes
  5685 | D:6      | Reached skill level 5 in Shields
  5775 | D:6      | Reached **** piety under Trog
  5821 | D:6      | Found a basalt altar of Yredelemnul.
  5864 | D:6      | Noticed Morninglord's ghost (amateur MeSu)
  5864 | D:6      | Noticed a troll
  5897 | D:6      | Reached skill level 1 in Stealth
  5900 | D:6      | Reached skill level 1 in Polearms
  6044 | D:6      | Reached XP level 9. HP: 74/74 MP: 8/8
  6056 | D:6      | Found Caliof's Weapon Emporium.
  6134 | D:6      | Killed Morninglord's ghost
  6139 | D:6      | Killed a troll
  6140 | D:6      | Reached skill level 12 in Axes
  6310 | D:7      | Noticed Maggie
  6324 | D:7      | Killed Maggie
  6404 | D:7      | Found a flagged portal.
  6414 | D:7      | Identified the +4 spear of Insomnia {vorpal, rElec Dex+4
                  | SInv}
  6417 | Bailey   | Entered a bailey
  6672 | Bailey   | Identified the +10 trident of Fimbulwinter {drain, rElec
                  | rF- rCorr Str+3}
  6685 | Bailey   | Reached skill level 13 in Axes
  6695 | Bailey   | Reached XP level 10. HP: 57/84 MP: 9/9
  6812 | Bailey   | Noticed a two-headed ogre
  6819 | Bailey   | Killed a two-headed ogre
  6820 | Bailey   | Reached skill level 5 in Polearms
  6977 | Bailey   | Identified the +5 quarterstaff of Hairy Punishment {vorpal,
                  | Fragile Int+2 Dex+4 SInv}
  7487 | D:7      | Noticed a cyclops
  7495 | D:7      | Killed a cyclops
  8225 | D:8      | Reached skill level 14 in Axes
  8608 | D:8      | Noticed a two-headed ogre
  8613 | D:8      | Killed a two-headed ogre
  8614 | D:8      | Reached skill level 1 in Evocations
  8757 | D:8      | Found a staircase to the Lair.
  9074 | Lair:1   | Entered Level 1 of the Lair of Beasts
  9102 | Lair:1   | Reached XP level 11. HP: 94/94 MP: 10/10
  9451 | D:8      | Reached skill level 15 in Axes
  9634 | D:8      | Reached ***** piety under Trog
 10134 | Lair:1   | Reached skill level 10 in Armour
 10961 | Lair:2   | Reached skill level 10 in Fighting
 10961 | Lair:2   | Reached skill level 5 in Evocations
 11471 | Lair:2   | Reached XP level 12. HP: 107/107 MP: 11/11
 11579 | Lair:2   | Noticed a six-headed hydra
 11594 | Lair:2   | Killed a nine-headed hydra
 12043 | Lair:2   | Found a staircase to the Shoals.
 12254 | Lair:3   | Noticed a four-headed hydra
 12267 | Lair:3   | Killed a four-headed hydra
 12519 | Lair:3   | Found a hole to the Spider Nest.
 12801 | Lair:3   | Noticed Snorg
 12809 | Lair:3   | Killed Snorg
 13004 | Lair:3   | Noticed a four-headed hydra
 13013 | Lair:3   | Killed a five-headed hydra
 13694 | Lair:4   | Found a viscous altar of Jiyva.
 13695 | Lair:4   | Found a staircase to the Slime Pits.
 13776 | Lair:4   | Reached XP level 13. HP: 122/122 MP: 12/12
 14434 | Lair:5   | Entered Level 5 of the Lair of Beasts
 14442 | Lair:5   | Reached skill level 10 in Shields
 14451 | Lair:5   | Reached skill level 16 in Axes
 14731 | Lair:5   | Reached skill level 17 in Axes
 15295 | Lair:5   | Reached skill level 15 in Fighting
 15640 | Lair:5   | Reached XP level 14. HP: 132/135 MP: 13/13
 15650 | Lair:5   | Reached skill level 18 in Axes
 15902 | Lair:5   | Identified the +4 great sword of Kunnur {protect, Stlth+}
 16497 | Shoals:1 | Entered Level 1 of the Shoals
 16926 | Shoals:1 | Reached skill level 19 in Axes
 17044 | Shoals:1 | Found a runed translucent door.
 17950 | Shoals:1 | Received a gift from Trog
 18090 | Shoals:2 | Noticed Donald
 18099 | Shoals:2 | Noticed Polyphemus
 18115 | Shoals:1 | Killed Donald
 18116 | Shoals:1 | Reached skill level 20 in Axes
 18423 | Shoals:1 | Killed Polyphemus
 19213 | Shoals:2 | Reached XP level 15. HP: 125/141 MP: 14/14
 19367 | Shoals:2 | Noticed Ilsuiw
 19417 | Shoals:2 | Killed Ilsuiw
 19418 | Shoals:2 | Reached skill level 21 in Axes
 19857 | Shoals:2 | Received a gift from Trog
 20119 | Shoals:2 | Identified the +7 hand axe "Ogauh" {antimagic, rElec rPois}
 20598 | Shoals:2 | Identified the +0 scale mail of Modesty {Int+5}
 21999 | Shoals:3 | Reached skill level 10 in Evocations
 22281 | Shoals:4 | Entered Level 4 of the Shoals
 22398 | Shoals:4 | Found Afyreing's Weapon Shop.
 22698 | Shoals:4 | Reached skill level 22 in Axes
 24652 | Shoals:4 | Got a barnacled rune of Zot
 24680 | Shoals:4 | Reached XP level 16. HP: 43/155 MP: 15/15
 26303 | Lair:5   | Received a gift from Trog
 26348 | Lair:5   | Found a large runed translucent door.
 26348 | Lair:5   | Found a large runed translucent door.
 26933 | D:9      | Found a sacrificial altar of Ru.
 26944 | D:9      | Found a snail-covered altar of Cheibriados.
 26947 | D:9      | Found a blossoming altar of Fedhas.
 26947 | D:9      | Found an opulent altar of Gozag.
 26954 | D:9      | Found a hazy altar of Hepliaklqana.
 27211 | D:9      | Found a large runed translucent door.
 27212 | D:9      | Found a large runed translucent door.
 27632 | D:9      | Found an iron altar of Okawaru.
 27646 | D:9      | Found a glowing golden altar of the Shining One.
 27673 | D:10     | Entered Level 10 of the Dungeon
 27754 | D:10     | Found an ancient bone altar of Kikubaaqudgha.
 27807 | D:10     | Found a portal to a secret trove of treasure.
 27917 | D:10     | Found a shimmering blue altar of Sif Muna.
 28089 | D:10     | Noticed Grum
 28099 | D:10     | Killed Grum
 29264 | D:12     | Noticed Lodul
 29282 | D:12     | Killed Lodul
 29451 | D:12     | Found a staircase to the Orcish Mines.
 29636 | D:12     | Received a gift from Trog
 30071 | D:12     | Reached XP level 17. HP: 165/165 MP: 16/16
 30232 | D:13     | Found a radiant altar of Vehumet.
 30278 | D:13     | Reached skill level 23 in Axes
 30721 | D:14     | Noticed Urug
 30721 | D:14     | Noticed Rupert
 30721 | D:14     | Found a gate to the Vaults.
 30731 | D:14     | Killed Rupert
 30734 | D:14     | Killed Urug
 30759 | D:14     | Found a blossoming altar of Fedhas.
 30806 | D:14     | Found a gate leading to a gauntlet.
 30815 | Gauntlet | Entered a Gauntlet
 30815 | Gauntlet | Found a transporter.
 30815 | Gauntlet | Found a transporter.
 30815 | Gauntlet | Found a transporter.
 30816 | Gauntlet | Found a transporter.
 30819 | Gauntlet | Found a transporter.
 30819 | Gauntlet | Found a transporter.
 30831 | Gauntlet | Found a transporter.
 30833 | Gauntlet | Found a transporter.
 30843 | Gauntlet | Found a transporter.
 30933 | Gauntlet | Found the brooch of Shielding {Spirit SH+8}
 30937 | Gauntlet | Found the +18 shield of the Gong {rElec rN+ Will+ EV-5}
 30947 | Gauntlet | Found a transporter.
 30951 | Gauntlet | Found a transporter.
 30961 | Gauntlet | Found a transporter.
 31139 | Gauntlet | Identified the ring "Jidiaf" {rPois Str+3 Dex+6 SInv}
 31681 | D:14     | Noticed Frances
 31692 | D:14     | Killed Frances
 31696 | D:14     | Found a runed translucent gate.
 31696 | D:14     | Found a runed translucent gate.
 31697 | D:14     | Found a runed translucent gate.
 31708 | D:14     | Noticed Atuuduag's ghost (journeyman OgGl)
 31712 | D:14     | Identified the +7 chain mail of the Blessed Realm {Str+3}
 31832 | D:14     | Killed Atuuduag's ghost
 31901 | D:15     | Entered Level 15 of the Dungeon
 31927 | D:15     | Noticed Louise
 31959 | D:15     | Killed Louise
 32402 | D:15     | Found a staircase to the Depths.
 32811 | Spider:1 | Entered Level 1 of the Spider Nest
 32819 | Spider:1 | Reached XP level 18. HP: 166/174 MP: 17/17
 32819 | Spider:1 | Received a gift from Trog
 33022 | Spider:1 | Identified the +1 scale mail of Duty {Rampage Drain Str+3}
 33469 | Spider:1 | Identified the -2 pair of gloves "Ybom" {rCorr SInv}
 33473 | Spider:1 | Identified the +1 robe of Optimism {+Blink Int+9 Dex+4}
 33997 | Spider:2 | Received a gift from Trog
 34659 | Spider:2 | Reached skill level 15 in Shields
 35633 | Spider:3 | Noticed Aizul
 35651 | Spider:3 | Killed Aizul
 36566 | Spider:4 | Entered Level 4 of the Spider Nest
 36588 | Spider:4 | Identified the +11 hand axe "Wemeuqel" {vorpal, rPois rC++
                  | Str+2 Int-3} (Trog gifted it to you on level 4 of the
                  | Spider Nest)
 36588 | Spider:4 | Received a gift from Trog
 36604 | Spider:4 | Reached skill level 24 in Axes
 37342 | Spider:3 | Reached XP level 19. HP: 125/185 MP: 18/18
 37356 | Spider:3 | Received a gift from Trog
 38101 | Spider:4 | Got a gossamer rune of Zot
 38505 | Orc:1    | Entered Level 1 of the Orcish Mines
 38505 | Orc:1    | Found Feckaha's Assorted Antiques.
 38517 | Orc:1    | Noticed Erolcha
 38535 | Orc:1    | Killed Erolcha
 38752 | Orc:2    | Entered Level 2 of the Orcish Mines
 38935 | Orc:2    | Noticed Saint Roka
 39392 | Orc:2    | Killed Saint Roka
 39420 | Orc:2    | Found Xefixt's Book Emporium.
 39440 | Orc:2    | Found Muibege's General Store.
 39478 | Orc:2    | Found a staircase to the Elven Halls.
 39520 | Orc:2    | Found Eskadgh's Antique Armour Emporium.
 39780 | Orc:2    | Found Feanta's Antique Weapon Emporium.
 39973 | Orc:1    | Noticed Nergalle
 39988 | Orc:1    | Killed Nergalle
 40311 | Depths:1 | Entered Level 1 of the Depths
 40363 | Depths:1 | Received a gift from Trog
 40393 | Depths:1 | Identified the +2 helmet "Luall" {Harm rPois Str+3}
 40531 | Depths:1 | Found a gateway to Hell.
 40572 | Depths:1 | HP: 6/187 [disintegration (28)]
 41439 | Depths:1 | Reached ****** piety under Trog
 41444 | Depths:1 | Found a one-way gate leading to the halls of Pandemonium.
 41769 | Depths:1 | Found a one-way gate to the infinite horrors of the Abyss.
 41907 | Depths:1 | Identified the +10 morningstar of Mordant Expedience
                  | {speed, *Slow rPois Str+4}
 42395 | Depths:2 | Received a gift from Trog
 42463 | Depths:2 | Reached skill level 25 in Axes
 42847 | Depths:2 | Identified the +1 ring mail "Todan" {Str+6 Dex-2 Stlth+}
 42858 | Depths:2 | Reached XP level 20. HP: 111/198 MP: 19/19
 43217 | Depths:2 | Found Amyechaq's Distillery.
 43760 | Depths:2 | Identified a scroll of acquirement
 43816 | Depths:3 | Received a gift from Trog
 44162 | Depths:3 | Noticed a juggernaut
 44274 | Depths:2 | Killed a juggernaut
 44459 | Depths:3 | Noticed a golden dragon
 44824 | Depths:3 | Found an opulent altar of Gozag.
 44825 | Depths:3 | Found a radiant altar of Vehumet.
 44826 | Depths:3 | Found a hazy altar of Hepliaklqana.
 44826 | Depths:3 | Found a glowing golden altar of the Shining One.
 44884 | Depths:3 | Received a gift from Trog
 45017 | Depths:3 | Killed a golden dragon
 45237 | Depths:3 | Found a burning altar of Makhleb.
 45238 | Depths:3 | Found a blossoming altar of Fedhas.
 45325 | Depths:3 | You are sucked into a shaft and drop 1 floor!
 45325 | Depths:4 | Entered Level 4 of the Depths
 45467 | Depths:3 | Found a one-way gateway to a ziggurat.
 46054 | Depths:3 | Acquired 890 gold pieces
 46487 | Depths:4 | Noticed a golden dragon
 46489 | Depths:4 | Reached skill level 15 in Armour
 46510 | Depths:3 | Killed a golden dragon
 47323 | Depths:4 | Found an ancient bone altar of Kikubaaqudgha.
 47449 | Depths:4 | Found a gate to the Realm of Zot.
 47450 | Depths:4 | Noticed a golden dragon
 47770 | Depths:4 | Killed a golden dragon
 47771 | Depths:4 | Reached XP level 21. HP: 152/209 MP: 20/20
 48562 | Slime:1  | Entered Level 1 of the Pits of Slime
 48589 | Slime:1  | Identified the +5 quarterstaff of the Forest {flame, Dex+3
                  | Stlth+} (Trog gifted it to you on level 1 of the Pits of
                  | Slime)
 48589 | Slime:1  | Received a gift from Trog
 49513 | Slime:1  | Reached skill level 26 in Axes
 49938 | Slime:3  | Gained mutation: Armour fits poorly on your strangely
                  | shaped body. [a shining eye]
 49941 | Slime:3  | Gained mutation: You occasionally lose the ability to read
                  | scrolls when taking damage. [a shining eye]
 49947 | Slime:3  | Gained mutation: You sometimes lose your temper in combat.
                  | [a shining eye]
 49951 | Slime:3  | Gained mutation: You are vulnerable to heat. (rF-) [a
                  | shining eye]
 50015 | Slime:2  | Received a gift from Trog
 50771 | Slime:1  | Gained mutation: You are occasionally teleported next to
                  | monsters. [a shining eye]
 51272 | Slime:4  | Gained mutation: You are dopey. (Int -2) [a shining eye]
 51473 | Slime:5  | Entered Level 5 of the Pits of Slime
 51530 | Slime:5  | Noticed the Royal Jelly
 51548 | Slime:5  | HP: 3/210 [acid blob/splash of acid[the Royal Jelly] (17)]
 51548 | Slime:5  | Slain by an azure jelly

Illustrated notes

Levels and vault maps discovered:
D:1:      dpeg_arrival_lava_altar, layout_basic
D:2:      layout_basic, grunt_decor_junction, uniq_jessica
D:3:      layout_rooms, trog_butcher_becter, mainiacjoe_overflow_tiny_flanked,
          led_xom_imps, basic_ecumenical_altar, palyth_stone_intersect
D:4:      layout_basic, nicolae_dithmenos_the_darkroom, serial_co_window_serial,
          co_window_paths_b, co_window_paths_a, co_window_paths_a,
          co_window_of_opportunity_a, co_window_paths_a, co_window_corner_b,
          co_window_cross_4, co_window_of_opportunity_b, co_window_broadway_b,
          co_window_4corner_a, co_window_sun, glass_columns_a, glass_columns_a,
          glass_columns_a, glass_columns_b, glass_columns_a,
          chequers_ossuary_entry_cave
D:5:      layout_layer_cave, minmay_temple_entry_glassed_door
D:6:      layout_cave_pools, elyvilon_altar_4, old_standard_altar, serial_shops,
          kennysheep_mini, ebering_ghost_gozag, minmay_between
D:7:      layout_loops_corners, enter_bailey_2, uniq_maggie
D:8:      layout_loops_ring, lair_entry_dummy, minmay_unpleasant_kobolds
D:9:      layout_basic, nicolae_overflow_hallway_of_the_gods,
          jmf_multi_god_temple2, serial_ice, serial_ice_j, serial_ice_e,
          serial_ice_o, serial_ice_c, serial_ice_h, serial_ice_f, serial_ice_d,
          serial_ice_n, serial_ice_a, serial_ice_m, kennysheep_generic_room_13
D:10:     layout_roguey, lemuel_round_altar, mainiacjoe_overflow_brackets,
          enter_trove_6, evilmike_butchery, uniq_grum
D:11:     layout_loops_cross
D:12:     nicolae_cairo_tiling_large, layout_loops_ring, serial_rivers,
          chequers_serial_rivers_large_a, chequers_serial_rivers_small_3,
          chequers_serial_rivers_marsh, chequers_serial_rivers_large_b,
          chequers_serial_rivers_small_a, chequers_serial_rivers_micro_a,
          uniq_lodul
D:13:     layout_loops_ring, nrook_campfire, nicolae_vehumet_altar_sigil
D:14:     layout_rooms, david_vaults_3, gauntlet_entry_generic,
          biasface_ghost_orc_armoury, fedhas_altar_1, uniq_frances
D:15:     grunt_enter_depths_snipers, layout_basic, amcnicky_mini_pool_small,
          uniq_louise
Lair:1:   layout_regular_city, serial_bayou_shore_a, grunt_megastairs_3
Lair:2:   layout_layer_cave, shoals_dummy_entry
Lair:3:   layout_loops_ring, spider_nest_entry_web_field, uniq_snorg
Lair:4:   layout_cave_pods, slime_entry_1
Lair:5:   cheibrodos_lair_end_hotspot, layout_cave_shapes,
          portal_ice_cave_entry_pillars_2
Shoals:1: layout_shoals, lightli_airlock
Shoals:2: layout_shoals, uniq_ilsuiw, uniq_polyphemus, uniq_donald
Shoals:3: layout_shoals
Shoals:4: shoals_end_grunt_ice, layout_shoals, shoals_ilsuiw_ice, serial_shops,
          nicolae_shop_bloodbath_and_beyond
Spider:1: layout_spider_delve, hellmonk_motheaten_closet
Spider:2: nicolae_spider_mines_2, nicolae_spider_scorpion_nest
Spider:3: layout_spider_delve, hangedman_spider_tarantella_strand, uniq_aizul
Spider:4: hellmonk_spider_rune_endless_swarm, guppyfry_spider_mini_2
Slime:1:  cheibrodos_slime_lost_civilization_9, layout_caves
Slime:2:  layout_caves
Slime:3:  layout_caves
Slime:4:  layout_caves
Slime:5
Orc:1:    layout_caves, serial_shops, shop, uniq_urug, uniq_erolcha,
          uniq_nergalle
Orc:2:    grunt_orc_cross, layout_caves, uniq_saint_roka
Depths:1: layout_basic, nicolae_hell_entry_hellmouth_sunbeams,
          rand_demon_pan_entry_4, abyss_entry_small_statue_room,
          skrybe_limestone_x, grunt_decor_mini_mirrors,
          chequers_serial_rivers_marsh, minmay_misc_feat_more_columns,
          minmay_fire_ice_demons
Depths:2: evilmike_cross, layout_twisted_cross, hell_entry, abyss_entry_crystal,
          serial_sigils, serial_sigils_hangedman_etch,
          serial_sigils_hangedman_stare, serial_sigils_hangedman_gut,
          serial_sigils_hangedman_shear, serial_sigils_hangedman_shear,
          serial_sigils_hangedman_scratch, rand_demon_pan_entry_3, serial_shops,
          shop_coins, serial_sigils_hangedman_shear, sword_in_stone
Depths:3: minmay_the_grid_octo_tiled_octocenter_mashed [minmay_the_grid_octo_77,
          minmay_the_grid_octo_vomiting_pacman, minmay_the_grid_octo_shrine,
          minmay_the_grid_octo_tetromino_candy,
          minmay_the_grid_octo_prize_big_c,
          minmay_the_grid_square_5x5_checkered_sparse,
          minmay_the_grid_square_5x5_mess,
          minmay_the_grid_square_5x5_misaligned,
          minmay_the_grid_square_5x5_minivault], layout_honeycomb,
          enter_ziggurat_a, minmay_room_of_horrors, grunt_hell_entry_dis_old,
          minmay_misc_feat_enclosed
Depths:4: grunt_zot_entry_funnels, layout_cave_pools, hell_entry,
          nicolae_kikubaaqudgha_miasma_corner

Skill      XL: |  1  2  3  4  5  6  7  8  9 10 11 12 13 14 15 16 17 18 19 20 21 |
---------------+----------------------------------------------------------------+-----
Fighting       | 4 5 6 7 10 13 15 17 18 20 21 22 | 22.9
Axes           | 4 5 6 7 9 11 13 14 15 17 20 22 23 24 25 26 | 26.2
Dodging        | 3 |  3.7
Armour         | 3 4 5 6 8 10 11 12 13 14 15 | 15.9
Shields        | 1 2 5 9 10 11 13 16 18 21 | 21.7
Stealth        | 1 |  1.6
Polearms       | 1 4 6 |  6.2
Evocations     | 1 5 7 9 10 | 10.0

Action                   |  1- 3 |  4- 6 |  7- 9 | 10-12 | 13-15 | 16-18 | 19-21 || total
-------------------------+-------+-------+-------+-------+-------+-------+-------++-------
Melee: Hand axe          |    76 |    58 |       |       |       |       |       ||   134
       Headbutt          |     6 |    20 |    34 |    90 |   242 |   282 |   316 ||   990
       War axe           |       |    70 |   192 |   446 |   922 |   427 |       ||  2057
       Broad axe         |       |       |       |       |       |   599 |  1109 ||  1708
Invok: Berserk           |       |     3 |     3 |     8 |    15 |    12 |    17 ||    58
       Brothers in Arms  |       |       |       |     4 |     6 |     3 |     3 ||    16
       Trog's Hand       |       |       |       |       |     2 |       |       ||     2
Evoke: Wand              |       |       |       |     1 |    13 |       |       ||    14
  Use: Scroll            |     3 |     6 |     4 |    10 |    18 |    13 |    12 ||    66
       Potion            |       |       |       |     4 |    15 |     1 |     5 ||    25
 Stab: Distracted        |       |       |       |       |     1 |       |       ||     1
Armor: Animal skin       |     6 |       |       |       |       |       |       ||     6
       Chain mail        |    20 |    57 |    19 |       |       |       |       ||    96
       Plate armour      |       |       |    62 |   155 |   176 |       |       ||   393
       Crystal plate arm |       |       |       |       |   290 |   587 |   321 ||  1198
Dodge: Dodged            |    31 |    47 |    42 |    83 |   157 |    95 |    38 ||   493
Block: Other             |     2 |    12 |       |       |       |       |       ||    14
       Kite shield       |       |    39 |   140 |   283 |   716 |  1399 |  1359 ||  3936
       Reflection        |       |     2 |     2 |     6 |    64 |    24 |    21 ||   119

Table legend: (Time is in decaauts)
 A = Elapsed time spent in this place.
 B = Non-inter-level travel time spent in this place.
 C = Inter-level travel time spent in this place.
 D = Time resting spent in this place.
 E = Time spent auto-exploring this place.
 F = Levels seen in this place.
 G = Mean time per level.
                   A        B        C        D        E       F      G
               +--------+--------+--------+--------+--------+-----+--------+
         Total |  51417 |  48919 |   2498 |   4041 |  36440 |  42 | 1224.2 |
       Dungeon |  13974 |  12956 |   1018 |    468 |  10194 |  15 |  931.6 |
          Lair |   8456 |   7849 |    607 |   1410 |   5218 |   5 | 1691.2 |
        Shoals |   9557 |   9352 |    205 |   1268 |   6520 |   4 | 2389.2 |
   Spider Nest |   5208 |   5054 |    154 |     47 |   4026 |   4 | 1302.0 |
    Slime Pits |   2959 |   2868 |     91 |     30 |   2461 |   5 |  591.8 |
  Orcish Mines |   1671 |   1527 |    144 |      0 |   1266 |   2 |  835.5 |
        Depths |   7581 |   7304 |    277 |     31 |   6050 |   4 | 1895.2 |
       Ossuary |    734 |    734 |      0 |    538 |     92 |   1 |  734.0 |
        Bailey |    683 |    683 |      0 |    121 |    399 |   1 |  683.0 |
      Gauntlet |    591 |    591 |      0 |    127 |    212 |   1 |  591.0 |
               +--------+--------+--------+--------+--------+-----+--------+

Top non-repeatable levels by time:
Shoals:4: 2680 daAuts
Depths:3: 2451 daAuts
Shoals:3: 2361 daAuts
Depths:2: 2361 daAuts
Shoals:2: 2282 daAuts
Shoals:1: 2232 daAuts
  Lair:4: 2009 daAuts
  Lair:5: 1722 daAuts
Spider:3: 1715 daAuts
  Lair:3: 1691 daAuts
Depths:1: 1668 daAuts
  Lair:1: 1645 daAuts
Spider:1: 1524 daAuts
  Lair:2: 1387 daAuts
     D:8: 1306 daAuts
